 Dungeon Crawl Stone Soup version 0.30-a0-782-ge64f9170bb (webtiles) character file.

Game seed: 2646613805949859908

205 nuthulu the Trooper (level 5, 0/48 HPs)
             Began as a Minotaur Fighter on Feb 23, 2023.
             Slain by a gnoll
             ... wielding a +0 spear
              (6 damage)
             ... on level 3 of the Dungeon.
             The game lasted 00:03:54 (2346 turns).

nuthulu the Trooper (Minotaur Fighter)              Turns: 2346, Time: 00:03:55

Health: 0/48       AC: 11    Str: 22    XL:     5   Next: 52%
Magic:  4/4        EV:  6    Int:  5    God:
Gold:   185        SH:  4    Dex: 10    Spells: 4/4 levels left

rFire   . . .      SeeInvis .    a - +1 war axe
rCold   . . .      Faith    .    c - +0 buckler
rNeg    . . .      Spirit   .    g - +0 plate armour
rPois   .          Reflect  .    (helmet restricted)
rElec   .          Harm     .    (no cloak)
rCorr   .          Rampage  .    (no gloves)
Will    .....                    (no boots) Stlth
                                 (no amulet)
HPRegen 0.28/turn                (no ring)
MPRegen 0.09/turn                (no ring)

@: mighty
A: horns 2, retaliatory headbutt
a: no special abilities


You were on level 3 of the Dungeon.
You visited 1 branch of the dungeon, and saw 3 of its levels.

You collected 185 gold pieces.

Inventory:

Hand Weapons
 a - a +1 war axe (weapon)
Armour
 b - a +0 scale mail
 c - a +0 buckler (worn)
 g - a +0 plate armour (worn)
Jewellery
 k - a ring of flight
Wands
 h - a wand of mindburst (13)
 i - a wand of polymorph (9)
Scrolls
 l - a scroll of identify
 n - a scroll of blinking
Potions
 d - a potion of might
 e - a potion of curing
 f - 5 potions of lignification
 j - a potion of haste
 m - 2 potions of attraction


   Skills:
 + Level 5.4 Fighting
 + Level 4.7 Axes
 - Level 4.3 Armour
 - Level 4.3 Shields


You had 4 spell levels left.
You didn't know any spells.
Your spell library contained the following spells:

 Spells                   Type           Power      Damage    Failure   Level
 Gell's Gravitas          Tloc           0%         N/A       100%        3
 Teleport Other           Tloc           0%         N/A       100%        3
 Cause Fear               Hex            0%         N/A       100%        4
 Dispersal                Tloc           0%         N/A       100%        6
 Dragon Form              Tmut           0%         N/A       100%        7
 Dragon's Call            Summ           0%         N/A       100%        9


Dungeon Overview and Level Annotations

Branches:
Dungeon (3/15)

Altars:


Innate Abilities, Weirdness & Mutations

You have a pair of horns on your head.
You reflexively headbutt those who attack you in melee.


Message History

The gnoll hits you with a +0 halberd! The gnoll barely misses you.
You block the gnoll's attack.
You barely miss the gnoll. You slash the gnoll!
The gnoll hits you but does no damage. x2
The gnoll hits you with a +0 halberd! The gnoll barely misses you.
The gnoll hits you with a +0 halberd. The gnoll hits you but does no damage.
A gnoll comes into view. It is wielding a +0 halberd.
The gnoll hits you from afar with a +0 halberd.
The gnoll barely misses you.
Okay, then.
You feel very mighty all of a sudden. The gnoll hits you but does no damage.
A rat comes into view.
The gnoll hits you but does no damage.
The gnoll hits you from afar with a +0 halberd.
* * * LOW HITPOINT WARNING * * *
You slash the gnoll!
You kill the gnoll!
The gnoll hits you but does no damage. The gnoll hits you with a +0 halberd.
* * * LOW HITPOINT WARNING * * *
The gnoll hits you but does no damage.
You see here a +0 spear.
You barely miss the gnoll.
The gnoll hits you but does no damage. x2
You feel better. You block the gnoll's attack.
The gnoll hits you from afar with a +0 spear.
You completely miss the gnoll. The gnoll barely misses you.
The gnoll completely misses you.
The gnoll hits you from afar with a +0 spear.
The gnoll hits you with a +0 halberd.
You barely miss the gnoll. The gnoll hits you but does no damage.
The gnoll hits you from afar with a +0 spear.
* * * LOW HITPOINT WARNING * * *
You barely miss the gnoll. The gnoll hits you but does no damage.
The gnoll hits you from afar with a +0 spear.
* * * LOW HITPOINT WARNING * * *
You barely miss the gnoll. The gnoll hits you with a +0 halberd.
* * * LOW HITPOINT WARNING * * *
The gnoll hits you from afar with a +0 spear.
You die...

##.##....# #..
#.##....# #..
#.##....# #..
#..#.)..# #.#
##......# #.#
##...#### #.#
#......# #.#
###..##.# #.#
#.......# #@#
#....#..### #g#
####......# #g#
#....#..#.# #r#
#.##......####.# #
###....†....###.##
....................
######.#########g##.
#.#


You could see 2 gnolls and a rat.

Vanquished Creatures
  An orc priest (D:3)
  An iguana (D:2)
  An orc wizard (D:2)
  5 adders
  A gnoll (D:3)
  2 worms
  2 dart slugs
  6 orcs
  3 endoplasms
  A giant cockroach (D:3)
  4 goblins
  5 hobgoblins
  5 quokkas
  6 ball pythons
  7 bats
  2 frilled lizards (D:1)
  4 kobolds
  3 rats
59 creatures vanquished.

Notes
Turn   | Place    | Note
-------+----------+-------------------------------------------
     0 | D:1      | nuthulu the Minotaur Fighter began the quest for the Orb.
     0 | D:1      | Reached XP level 1. HP: 19/19 MP: 0/0
   248 | D:1      | Reached XP level 2. HP: 27/27 MP: 1/1
   859 | D:2      | Reached skill level 4 in Fighting
   993 | D:2      | Reached XP level 3. HP: 32/33 MP: 2/2
  1665 | D:2      | Reached XP level 4. HP: 37/40 MP: 3/3
  1821 | D:3      | Reached skill level 5 in Fighting
  1821 | D:3      | Reached XP level 5. HP: 37/48 MP: 4/4
  2346 | D:3      | Slain by a gnoll

Illustrated notes

Levels and vault maps discovered:
D:1:      heliophobic_arrival_ceremonial_halls, layout_basic, st_stairs_4,
          minmay_misc_feat_doors
D:2:      minmay_general_purpose_star, layout_basic, grunt_ministairs_11
D:3:      layout_basic

Skill      XL: |  1  2  3  4 |
---------------+-------------+-----
Armour         | 4 |  4.3
Fighting       | 4 5 |  5.4
Axes           | 3 4 |  4.7
Shields        | 4 |  4.3

Action                     |  1- 3 |  4- 6 || total
---------------------------+-------+-------++-------
  Melee: War axe           |    92 |    70 ||   162
         Headbutt          |    10 |     7 ||    17
    Use: Scroll            |    10 |     1 ||    11
         Potion            |       |     2 ||     2
 Armour: Scale mail        |    33 |       ||    33
         Plate armour      |    53 |    58 ||   111
  Dodge: Dodged            |    48 |    20 ||    68
  Block: Buckler           |    26 |    15 ||    41

Table legend: (Time is in decaauts)
 A = Elapsed time spent in this place.
 B = Non-inter-level travel time spent in this place.
 C = Inter-level travel time spent in this place.
 D = Time resting spent in this place.
 E = Time spent auto-exploring this place.
 F = Levels seen in this place.
 G = Mean time per level.
                   A        B        C        D        E       F      G
               +--------+--------+--------+--------+--------+-----+--------+
         Total |   2411 |   2373 |     38 |    482 |   1303 |   3 |  803.7 |
       Dungeon |   2411 |   2373 |     38 |    482 |   1303 |   3 |  803.7 |
               +--------+--------+--------+--------+--------+-----+--------+

Top non-repeatable levels by time:
     D:2: 1026 daAuts
     D:1: 838 daAuts
     D:3: 546 daAuts
